 Dungeon Crawl Stone Soup version 0.30.0-5-g1a98f26d00 (webtiles) character file.

Game seed: 51603713724443536

84 Strat the Sneak (level 4, 0/24 HPs)
             Began as a Tengu Enchanter on May 9, 2023.
             Slain by a worm (10 damage)
             ... on level 2 of the Dungeon.
             The game lasted 00:02:56 (1219 turns).

Strat the Sneak (Tengu Enchanter)                   Turns: 1219, Time: 00:02:56

Health: 0/24       AC:  2    Str:  9    XL:     4   Next: 46%
Magic:  8/8        EV: 13    Int: 15    God:
Gold:   48         SH:  0    Dex: 16    Spells: 7/7 levels left

rFire   . . .        a - +1 dagger
rCold   + . .        (no shield)
rNeg    . . .        d - +0 robe
rPois   .            (helmet restricted)
rElec   .            (no cloak)
rCorr   .            (no gloves)
SInv    .            (boots unavailable)
Will    .....        (no amulet)
Stlth   +++          e - ring of protection from cold
HPRegen 0.24/turn    (no ring)
MPRegen 0.11/turn

%: no passive effects
@: lethally poisoned (0 -> -3)
A: beak, talons 3
a: no special abilities


You were on level 2 of the Dungeon.
You visited 1 branch of the dungeon, and saw 4 of its levels.

You collected 48 gold pieces.

Inventory:

Hand Weapons
 a - a +1 dagger (weapon)
 b - a +0 short sword
Armour
 d - a +0 robe (worn)
Jewellery
 e - a ring of protection from cold (left hand)
Scrolls
 g - a scroll of silence {unknown}
Potions
 c - 2 potions of invisibility
 f - a potion of flight {unknown}
 h - 2 potions of curing {unknown}
 i - a potion of brilliance {unknown}


   Skills:
 + Level 2.7 Short Blades
 + Level 3.3 Dodging
 + Level 4.0 Stealth
 - Level 2.0 Spellcasting
 - Level 2.1 Hexes


You had 7 spell levels left.
You didn't know any spells.
Your spell library contained the following spells:

 Spells                   Type           Power      Damage    Failure   Level
 Ensorcelled Hibernation  Hex/Ice        8%         N/A       22%         2
 Confusing Touch          Hex            8%         N/A       26%         3
 Tukima's Dance           Hex            8%         N/A       26%         3
 Static Discharge         Conj/Air       2%         2-3/arc   32%         2
 Dazzling Flash           Conj/Hex       8%         N/A       38%         3
 Spider Form              Tmut/Pois      1%         N/A       54%         3
 Anguish                  Hex/Necr       2%         N/A       80%         4
 Airstrike                Air            0%         2d(1-17)  91%         4
 Summon Lightning Spire   Summ/Air       1%         N/A       91%         4


Dungeon Overview and Level Annotations

Branches:
Dungeon (4/15)
 Temple: D:4-7

Altars:


Innate Abilities, Weirdness & Mutations

You have a beak for a mouth.
You have claws for feet.


Message History

The worm is moderately wounded.
You hit the worm. You claw the worm.
The worm is severely wounded.
The worm bites you!
* * * LOW HITPOINT WARNING * * *
The adder bites you.
* * * LOW HITPOINT WARNING * * *
You are too injured to fight recklessly!
You are too injured to fight recklessly!
An endoplasm comes into view.
The adder barely misses you.
You see here a bat corpse.
The adder attacks as you move away! The adder closely misses you.
The adder misses you.
Found an escape hatch in the ceiling.
You hit the adder but do no damage. You claw the adder.
Your peck misses the adder.
The adder is heavily wounded.
The adder misses you.
You barely miss the adder.
The adder is heavily wounded.
The adder closely misses you.
You barely miss the adder. You claw the adder. Your peck misses the adder.
The adder is severely wounded.
The adder bites you but does no damage.
You completely miss the adder.
The adder is severely wounded.
The adder misses you.
You closely miss the adder.
The adder is severely wounded.
The adder bites you.
* * * LOW HITPOINT WARNING * * *
You are poisoned.
The adder poisons you! The adder barely misses you.
You hit the adder. You claw the adder.
You kill the adder!
You feel sick.
Your Stealth skill increases to level 4!
You feel sick. The worm bites you!
You die...

#..#####.#....#
#..#####.##.#.#
.#<.###..##!......#.#
.........##.##.####.#
....####.##.##......#
## #.......####
#...........
#.#.#†##.####
#.###.w@.....# ##
#.####.##.# #.. .# #.
.. #J #.. # ... ....
.<...


You could see a worm.

Vanquished Creatures
  Natasha (D:3)
  2 adders (D:2)
  2 dart slugs (D:1)
  An orc (D:3)
  3 endoplasms (D:1)
  2 giant cockroaches
  5 hobgoblins
  4 kobolds (D:1)
  A quokka (D:1)
  4 ball pythons (D:1)
  4 bats
  3 frilled lizards
  2 goblins
  3 rats (D:1)
37 creatures vanquished.

Vanquished Creatures (others)
  2 ghouls (D:1)
  A minotaur (D:1)
  2 draconians (D:1)
  A vine stalker (D:1)
  2 demigods (D:1)
  A naga (D:1)
  A dwarf (D:1)
  A tengu (D:1)
  An ogre (D:1)
  3 felids (D:1)
  5 tentacles (D:1)
20 creatures vanquished.

Grand Total: 57 creatures vanquished

Notes
Turn   | Place    | Note
-------+----------+-------------------------------------------
     0 | D:1      | Strat the Tengu Enchanter began the quest for the Orb.
     0 | D:1      | Reached XP level 1. HP: 10/10 MP: 4/4
     2 | D:1      | Noticed a demigod
     2 | D:1      | Noticed a ghoul
     2 | D:1      | Noticed a ghoul
     2 | D:1      | Noticed a vine stalker
     2 | D:1      | Noticed a naga
     2 | D:1      | Noticed a demigod
     2 | D:1      | Noticed a tengu
     2 | D:1      | Noticed an ogre
     2 | D:1      | Noticed a felid
     2 | D:1      | Noticed a kraken
     2 | D:1      | Noticed a felid
     2 | D:1      | Noticed a felid
     2 | D:1      | Noticed a minotaur
     2 | D:1      | Noticed a dwarf
     2 | D:1      | Noticed a draconian
     2 | D:1      | Noticed a draconian
     2 | D:1      | Killed a felid
     5 | D:1      | Killed a tengu
     5 | D:1      | Killed a felid
     7 | D:1      | Killed a dwarf
     9 | D:1      | Killed a naga
    10 | D:1      | Killed a vine stalker
    11 | D:1      | Killed a minotaur
    12 | D:1      | Killed an ogre
    12 | D:1      | Killed a draconian
    14 | D:1      | Killed a demigod
    15 | D:1      | Killed a demigod
    16 | D:1      | Killed a felid
    19 | D:1      | Killed a ghoul
    20 | D:1      | Killed a ghoul
    20 | D:1      | Killed a draconian
   171 | D:1      | Reached XP level 2. HP: 11/15 MP: 6/6
   406 | D:1      | Found a faded altar of an unknown god.
   549 | D:1      | Reached XP level 3. HP: 19/19 MP: 7/7
   867 | D:2      | You fall into a shaft and drop 2 floors!
   876 | D:3      | Noticed Natasha
   970 | D:4      | Noticed an ogre
   997 | D:3      | Killed Natasha
   998 | D:3      | Reached XP level 4. HP: 17/24 MP: 8/8
  1219 | D:2      | Reached skill level 4 in Stealth
  1219 | D:2      | Slain by a worm

Illustrated notes

Levels and vault maps discovered:
D:1:      nicolae_arrival_kraken_aquarium_b, layout_loops_ring,
          hellmonk_ecumenical_altar_leap_of_faith
D:2:      minmay_roachtagon, layout_loops_cross, uniq_sigmund
D:3:      layout_loops_corners, tso_metal_star, lemuel_round_altar,
          gup_sewer_entry_glass, wander_ebering_terrifying_dragon_lair,
          uniq_grinder, uniq_natasha
D:4:      layout_loops_ring, kennysheep_okawaru_gauntlet,
          uniq_crazy_yiuf_cottage

Skill      XL: |  1  2  3  4 |
---------------+-------------+-----
Short Blades   | 2 |  2.7
Dodging        | 3 |  3.3
Stealth        | 4 |  4.0
Spellcasting   | |  2.0
Hexes          | |  2.1

Action                     |  1- 3 |  4- 6 || total
---------------------------+-------+-------++-------
  Melee: Dagger            |    13 |     9 ||    22
         Kick              |    18 |     8 ||    26
         Short sword       |    52 |    15 ||    67
         Peck              |     8 |     3 ||    11
    Use: Scroll            |     2 |       ||     2
   Stab: Sleeping          |     6 |       ||     6
         Distracted        |       |     1 ||     1
 Armour: Robe              |     4 |     5 ||     9
  Dodge: Dodged            |    26 |    14 ||    40
